 Dungeon Crawl Stone Soup version 0.22.1-1-ga44c0e5 (webtiles) character file.

429 juanjsm the Sneak (level 6, -10/28 HPs)
             Began as a Spriggan Enchanter on Oct 20, 2018.
             Killed from afar by an electric eel (12 damage)
             ... with a bolt of electricity
             ... on level 3 of the Dungeon.
             The game lasted 00:17:13 (2892 turns).

juanjsm the Sneak (Spriggan Enchanter)              Turns: 2892, Time: 00:17:14

Health: -10/28     AC:  4    Str:  4    XL:     6   Next: 66%
Magic:  13/13      EV: 20    Int: 18    God:
Gold:   142        SH:  0    Dex: 17    Spells: 4/13 levels left

rFire    . . .     SeeInvis +   c - +2 dagger (venom)
rCold    . . .     Gourm    .   (shield restricted)
rNeg     . . .     Faith    .   b - +0 robe
rPois    .         Spirit   .   (helmet restricted)
rElec    .         Reflect  .   C - +1 cloak {+Inv}
rCorr    .         Harm     .   (gloves unavailable)
MR       +....                  (boots unavailable)
Stlth    ++++......             (no amulet)
HPRegen  0.09/turn              v - ring of flight
MPRegen  0.13/turn              (no ring)

@: very quick
A: very small, unfitting armour, see invisible, herbivore, speed 3, slow
metabolism 2
a: Evoke Invisibility, Evoke Flight


You were on level 3 of the Dungeon.
You were not hungry.

You visited 1 branch of the dungeon, and saw 3 of its levels.

You collected 142 gold pieces.

Inventory:

Hand Weapons
 a - a +1 dagger
 c - a +2 dagger of venom (weapon)
 y - a +0 dagger of venom
 B - a +3 quarterstaff of chaos
Missiles
 f - 8 curare-tipped needles
 k - 23 poisoned needles
Armour
 b - a +0 robe (worn)
 C - a +1 cloak of invisibility (worn)
Jewellery
 v - a ring of flight (left hand)
Wands
 t - a wand of flame (45)
 u - a wand of paralysis (11)
Scrolls
 e - a scroll of identify {unknown}
 g - 2 scrolls of magic mapping {unknown}
 h - a scroll of enchant weapon {unknown}
 i - a scroll of amnesia {unknown}
 n - a scroll of enchant armour {unknown}
 p - a scroll of random uselessness {unknown}
 q - 2 scrolls of remove curse {unknown}
 r - a scroll of teleportation {unknown}
 x - a scroll of blinking {unknown}
 A - a scroll of fog {unknown}
Potions
 j - a potion of flight {unknown}
 l - a potion of agility {unknown}
 m - 2 potions of heal wounds {unknown}
 o - a potion of brilliance {unknown}
 s - a potion of curing {unknown}
 w - a potion of lignification {unknown}
 z - a potion of resistance {unknown}
Comestibles
 d - 5 rations


   Skills:
 * Level 3.9 Short Blades
 + Level 5.0 Dodging
 * Level 7.3 Stealth
 + Level 4.0 Spellcasting
 * Level 4.7 Hexes


You had 4 spell levels left.
You knew the following spells:

 Your Spells              Type           Power        Failure   Level  Hunger
a - Corona                Hex            ###....      1%          1    None
b - Ensorcelled Hibernat  Hex/Ice        ##....       9%          2    ##.....
c - Confuse               Hex            ###.....     6%          3    ###....
d - Dazzling Spray        Conj/Hex       ##....       17%         3    ###....

Your spell library contained the following spells:

 Spells                   Type           Power        Failure   Level  Hunger
 Tukima's Dance           Hex            ###.....     6%          3    ###....


Dungeon Overview and Level Annotations

Branches:
Dungeon (3/15)

Altars:
Yredelemnul

Annotations:
D:3 1 transporter


Innate Abilities, Weirdness & Mutations

You are very small and have problems with some larger weapons.
You are too small for most types of armour.
You have supernaturally acute eyesight. (SInv)
You are a herbivore.
You cover ground extremely quickly.
You need to consume almost no food.


Message History

As you open the door, it creaks loudly!
There is an open door here.
The electric eel shoots out a bolt of lightning at you!
The bolt of electricity hits you!
The bolt of electricity hits the electric eel.
The electric eel completely resists.
The bolt of electricity hits the electric eel.
The electric eel completely resists.
The electric eel shoots out a bolt of lightning at you!
The bolt of electricity hits you!
The bolt of electricity hits the electric eel.
The electric eel completely resists.
The bolt of electricity hits the electric eel.
The electric eel completely resists.
The electric eel shoots out a bolt of lightning at you!
The bolt of electricity hits you!
Ouch! That really hurt!
* * * LOW HITPOINT WARNING * * *
The bolt of electricity hits you!
You die...

#.####..#.#..#P.:.P#.#.##[#.#
#.# #.#.##..###+###.#).....#
#.####.#.###.#≈...≈#.####.####
#)##.....# #.#≈...≈#.#.......#
..##<###.###.#≈...≈#.#.##.##.#
)>##.# #.....#≈.⌠.≈#.#.##.##.#
.###.###...#.#≈...≈#.#.##)##>#
## #.......#.#≈...;#.#.##.##.#
#.##.##.#.#;.@.;#.#.......#
#.##.##.#.###'###.####.####
#.......#.#P...P#.# #.#
####.####.#8.©.8#.# #.# #.#
#.#######.# #.#
#.####....©....####.#
#................<..#
########.#.########## #....#


You could see 3 electric eels.

Vanquished Creatures
  Sigmund (D:2)
  An orc priest (D:3)
  Crazy Yiuf (D:3)
  Robin (D:3)
  4 gnolls (D:3)
  4 adders
  2 oozes (D:3)
  6 worms
  4 dart slugs
  2 leopard geckos (D:1)
  6 orcs (D:3)
  9 bats
  5 giant cockroaches
  11 goblins
  12 hobgoblins
  6 jackals
  8 kobolds
  A quokka (D:2)
  A ball python (D:1)
  3 frilled lizards
  5 rats
  A spectral orc (D:2)
94 creatures vanquished.

Vanquished Creatures (collateral kills)
  A goblin (D:3)
1 creature vanquished.

Grand Total: 95 creatures vanquished

Notes
Turn   | Place    | Note
-------+----------+-------------------------------------------
     0 | D:1      | juanjsm the Spriggan Enchanter began the quest for the Orb.
     0 | D:1      | Reached XP level 1. HP: 9/9 MP: 5/5
   158 | D:1      | Reached XP level 2. HP: 13/13 MP: 6/6
   190 | D:1      | Learned a level 2 spell: Ensorcelled Hibernation
   476 | D:1      | Reached skill level 5 in Stealth
   529 | D:2      | Reached XP level 3. HP: 14/16 MP: 5/8
   983 | D:2      | Reached XP level 4. HP: 16/21 MP: 4/9
   988 | D:2      | Learned a level 3 spell: Confuse
   992 | D:2      | Learned a level 3 spell: Dazzling Spray
  1145 | D:2      | Noticed Sigmund
  1255 | D:2      | Found a basalt altar of Yredelemnul.
  1360 | D:2      | Killed Sigmund
  1360 | D:2      | Reached skill level 6 in Stealth
  1360 | D:2      | Reached XP level 5. HP: 24/24 MP: 4/11
  1470 | D:3      | Found a transporter.
  1471 | D:3      | Found a transporter.
  1580 | D:3      | Noticed Robin
  1604 | D:3      | Killed Robin
  1771 | D:3      | Reached XP level 6. HP: 23/28 MP: 12/12
  2164 | D:3      | Found a runed door.
  2238 | D:3      | Reached skill level 7 in Stealth
  2445 | D:3      | Reached skill level 5 in Dodging
  2710 | D:3      | Noticed Crazy Yiuf
  2714 | D:3      | Killed Crazy Yiuf
  2892 | D:3      | Killed from afar by an electric eel

Skill      XL: |  1  2  3  4  5  6 |
---------------+-------------------+-----
Stealth        | 5 6 7 |  7.3
Spellcasting   | 3 4 |  4.0
Short Blades   | 2 3 |  3.9
Dodging        | 4 5 |  5.0
Hexes          | 4 |  4.7

Action                   |  1- 3 |  4- 6 || total
-------------------------+-------+-------++-------
Melee: Dagger            |    96 |   121 ||   217
 Cast: Corona            |     3 |       ||     3
       Ensorcelled Hiber |    13 |    35 ||    48
       Confuse           |       |    11 ||    11
 Stab: Sleeping          |    18 |    23 ||    41
       Confused          |       |     3 ||     3
  Eat: Ration            |       |     2 ||     2
Armor: Robe              |    13 |     8 ||    21
Dodge: Dodged            |    84 |    69 ||   153
